 Dungeon Sprint DCSS version 0.26-a0-1107-g6118521029 (webtiles) character file.

Game seed: 12163687700914434035

394 mhtbhm the Protected (level 7, -8/60 HPs)
             Began as a Human Fighter on Dec 16, 2020.
             Was an Initiate of Okawaru.
             Mangled by a cyan ugly thing (13 damage)
             ... in the Dungeon (Sprint IX: "|||||||||||||||||||||||||||||").
             The game lasted 00:01:01 (543 turns).

mhtbhm the Protected (Human Fighter)                 Turns: 543, Time: 00:01:02

Health: -8/60      AC: 16    Str: 18    XL:     7   Next: 8%
Magic:  7/7        EV:  6    Int:  8    God:    Okawaru [......]
Gold:   0          SH:  0    Dex: 23    Spells: 6/6 levels left

rFire    + . .     SeeInvis .   a - +2 dire flail of Blood-Lust {spect, Fragile rF+ Dex+7}
rCold    . . .     Faith    .   (shield currently unavailable)
rNeg     . . .     Spirit   .   b - +0 plate armour
rPois    .         Reflect  .   (no helmet)
rElec    .         Harm     .   (no cloak)
rCorr    .         Rampage  .   (no gloves)
Will     .....     NoTele   +   n - +0 pair of boots
Stlth    ..........             (no amulet)
HPRegen  0.20/turn              o - +3 ring of dexterity
MPRegen  0.10/turn              p - +2 ring of protection

@: very slightly contaminated, invisible
A: no striking features
a: Renounce Religion


You were in the Dungeon.
You worshipped Okawaru.
Okawaru was noncommittal.
You visited 1 branch

Inventory:

Hand Weapons
 a - the +2 dire flail of Blood-Lust (weapon) {spect, Fragile rF+ Dex+7}
   (You found it in the Dungeon)

   It retains the spirit of the tree from which it was made.
   In the hands of one skilled in evocations this spirit is drawn out to fight
   along side the wielder.
   It affects your dexterity (+7).
   It protects you from fire.
   It will be destroyed if unequipped.
Armour
 b - a +0 plate armour (worn)
 c - a +0 kite shield
 n - a +0 pair of boots (worn)
Jewellery
 o - a +3 ring of dexterity (left hand)
 p - a +2 ring of protection (right hand)
Wands
 m - a wand of iceblast (10)
Scrolls
 j - 2 scrolls of blinking
 k - 3 scrolls of remove curse
 l - 2 scrolls of amnesia
Potions
 d - a potion of might
 e - 5 potions of curing
 g - a potion of haste
 h - 4 potions of magic
 i - a potion of heal wounds


   Skills:
 + Level 7.3 Fighting
 + Level 7.8 Maces & Flails
 + Level 8.0 Armour
 + Level 1.0 Dodging
 + Level 7.1 Shields


You had 6 spell levels left.
You didn't know any spells.
Your spell library was empty.

Dungeon Overview and Level Annotations

Branches:
Dungeon (1/1)

Altars:
Cheibriados
Dithmenos
Elyvilon
Fedhas
Gozag
Hepliaklqana
Kikubaaqudgha
Makhleb
Nemelex Xobeh
Okawaru
Qazlal
Ru
Sif Muna
Trog
Uskayaw
Vehumet
Wu Jian
Xom
Yredelemnul
Zin
The Shining One
Beogh
Jiyva
Lugonu


Message History

Evoke which item? (* to show all) (? for menu, Esc to quit)
Okay, then.
You fade into invisibility!
The cyan ugly thing tail-slaps you. The cyan ugly thing shocks you!
You are very lightly contaminated with residual magic.
You feel much better.
The cyan ugly thing tail-slaps you but does no damage.
You hit the cyan ugly thing but do no damage.
The cyan ugly thing is moderately wounded.
The cyan ugly thing tail-slaps you. The cyan ugly thing shocks you!
You barely miss the cyan ugly thing.
The cyan ugly thing is moderately wounded.
The cyan ugly thing tail-slaps you. The cyan ugly thing shocks you!
* * * LOW HITPOINT WARNING * * *
You closely miss the cyan ugly thing.
The cyan ugly thing is moderately wounded.
The cyan ugly thing tail-slaps you.
* * * LOW HITPOINT WARNING * * *
The cyan ugly thing shocks you!
You die...

▓.▓
▓Z▓
▓Y▓
▓J▓
▓{▓
▓.▓
▓u▓
▓@▓
▓.▓
▓.▓
▓.▓
▓.▓
▓.▓
▓†▓
▓.▓
▓.▓


You could see a cyan ugly thing, a yak, a jelly and a bat skeleton.

Vanquished Creatures
  An ice beast (D)
  A sky beast (D)
  A scorpion (D)
  A howler monkey (D)
  A gnoll shaman (D)
  3 hounds (D)
  A ball python (D)
  A goblin (D)
  2 hobgoblins (D)
  A jackal (D)
  A quokka (D)
  A frilled lizard (D)
  A jackal skeleton (D)
16 creatures vanquished.

Notes
Turn   | Place    | Note
-------+----------+-------------------------------------------
     0 | D        | mhtbhm the Human Fighter began the quest for the Orb.
     0 | D        | Reached XP level 1. HP: 18/18 MP: 1/1
    14 | D        | Reached XP level 2. HP: 24/24 MP: 2/2
   120 | D        | Noticed a howler monkey
   120 | D        | Noticed an ice beast
   125 | D        | Reached skill level 4 in Armour
   125 | D        | Reached XP level 3. HP: 31/31 MP: 3/3
   136 | D        | Killed an ice beast
   137 | D        | Reached skill level 5 in Fighting
   137 | D        | Reached skill level 5 in Armour
   137 | D        | Reached skill level 5 in Shields
   137 | D        | Reached XP level 4. HP: 14/40 MP: 4/4
   137 | D        | Reached XP level 5. HP: 16/46 MP: 5/5
   161 | D        | Reached skill level 5 in Maces & Flails
   161 | D        | Reached skill level 6 in Armour
   164 | D        | Reached XP level 6. HP: 5/53 MP: 6/6
   171 | D        | Found a roughly hewn altar of Beogh.
   171 | D        | Found a snail-covered altar of Cheibriados.
   171 | D        | Found a shadowy altar of Dithmenos.
   171 | D        | Found a white marble altar of Elyvilon.
   171 | D        | Found a blossoming altar of Fedhas.
   171 | D        | Found an opulent altar of Gozag.
   172 | D        | Found a hazy altar of Hepliaklqana.
   173 | D        | Found a viscous altar of Jiyva.
   174 | D        | Found an ancient bone altar of Kikubaaqudgha.
   175 | D        | Found a corrupted altar of Lugonu.
   176 | D        | Found a burning altar of Makhleb.
   177 | D        | Found a sparkling altar of Nemelex Xobeh.
   178 | D        | Found an iron altar of Okawaru.
   179 | D        | Found a stormy altar of Qazlal.
   180 | D        | Found a sacrificial altar of Ru.
   181 | D        | Found a shimmering blue altar of Sif Muna.
   182 | D        | Found a bloodstained altar of Trog.
   183 | D        | Found a hide-covered altar of Uskayaw.
   184 | D        | Found a radiant altar of Vehumet.
   185 | D        | Found an ornate altar of the Wu Jian Council.
   186 | D        | Became a worshipper of Warmaster Okawaru
   187 | D        | Found a shimmering altar of Xom.
   188 | D        | Found a basalt altar of Yredelemnul.
   189 | D        | Found a glowing silver altar of Zin.
   190 | D        | Found a glowing golden altar of the Shining One.
   212 | D        | Got the +2 dire flail of Blood-Lust {spect, Fragile rF+
                  | Dex+7}
   474 | D        | Noticed a sky beast
   486 | D        | Killed a sky beast
   487 | D        | Reached skill level 7 in Armour
   494 | D        | Reached skill level 8 in Armour
   494 | D        | Reached skill level 1 in Dodging
   494 | D        | Reached XP level 7. HP: 52/60 MP: 7/7
   536 | D        | Noticed a yak
   536 | D        | Noticed a cyan ugly thing
   543 | D        | Mangled by a cyan ugly thing

Illustrated notes

Levels and vault maps discovered:
D:        linesprint [early_d, line_temple, items_1, d_10, items_2, lair_1,
          lair_end, items_3, orc_1, orc_end, items_4, d_15, swamp_1, shoals_1,
          snake_1, spider_1, d_20, vaults_1, items_5, swamp_end, shoals_end,
          snake_end, spider_end, vaults_end, d_27, items_6, zot_1, zot_end,
          crypt_end, forest_end, elf_end, slime_end, tomb_end, abyss_end,
          pan_hell_end]

Skill      XL: |  1  2  3  4  5  6 |
---------------+-------------------+-----
Fighting       | 4 5 6 7 |  7.3
Maces & Flails | 3 4 5 7 |  7.8
Armour         | 4 5 6 8 |  8.0
Shields        | 4 5 6 7 |  7.1
Dodging        | 1 |  1.0

Action                   |  1- 3 |  4- 6 |  7- 9 || total
-------------------------+-------+-------+-------++-------
Melee: Flail             |    25 |    25 |       ||    50
       Dire flail        |       |    19 |     6 ||    25
  Use: Potion            |     1 |     1 |     2 ||     4
Armor: Scale mail        |     9 |     5 |       ||    14
       Plate armour      |       |    15 |     1 ||    16
Dodge: Dodged            |     1 |    11 |     1 ||    13
Block: Kite shield       |     9 |    12 |       ||    21

Table legend: (Time is in decaauts)
 A = Elapsed time spent in this place.
 B = Non-inter-level travel time spent in this place.
 C = Inter-level travel time spent in this place.
 D = Time resting spent in this place.
 E = Time spent auto-exploring this place.
 F = Levels seen in this place.
 G = Mean time per level.
                   A        B        C        D        E       F      G
               +--------+--------+--------+--------+--------+-----+--------+
         Total |    560 |    560 |      0 |    366 |      3 |   1 |  560.0 |
       Dungeon |    560 |    560 |      0 |    366 |      3 |   1 |  560.0 |
               +--------+--------+--------+--------+--------+-----+--------+

Top non-repeatable levels by time:
       D: 560 daAuts
